 Dungeon Crawl Stone Soup version 0.22.0-60-ga52c2fc (webtiles) character file.

55 shmeve the Ducker (level 3, 0/17 HPs)
             Began as a Felid Berserker on Sept 10, 2018.
             Was a Follower of Trog.
             Slain by a jackal (1 damage)
             ... on level 2 of the Dungeon.
             The game lasted 00:02:12 (1043 turns).

shmeve the Ducker (Felid Berserker)                 Turns: 1043, Time: 00:02:13

Health: 0/17       AC:  1    Str: 14    XL:     3   Next: 67%
Magic:  4/4        EV: 20    Int:  8    God:    Trog [*.....]
Gold:   87         SH:  0    Dex: 15    Spells: 2/2 levels left
                                        Lives:  0   Deaths: 0

rFire    . . .     SeeInvis +     - Unarmed
rCold    . . .     Gourm    .   (shield unavailable)
rNeg     . . .     Faith    .   (armour unavailable)
rPois    .         Spirit   .   (helmet unavailable)
rElec    .         Reflect  .   (cloak unavailable)
rCorr    .         Harm     .   (gloves unavailable)
MR       .....                  (boots unavailable)
Stlth    ++........             (no amulet)
HPRegen  0.05/turn              (no ring)
MPRegen  0.09/turn              (no ring)

@: quick
A: very small, no armour, no weapons or thrown items, stealth, claws 1, fangs 3,
see invisible, carnivore, speed 1, shaggy fur 1, slow metabolism 1, sharp paws
a: Berserk, Renounce Religion


You were on level 2 of the Dungeon.
You worshipped Trog.
Trog was aware of your devotion.
You were completely stuffed.

You visited 1 branch of the dungeon, and saw 2 of its levels.

You collected 87 gold pieces.

Inventory:

Scrolls
 d - 6 scrolls of identify {unknown}
 h - a scroll of teleportation {unknown}
Potions
 b - a potion of invisibility {unknown}
 c - a potion of brilliance {unknown}
 e - a potion of curing {unknown}
 g - 2 potions of might {unknown}
Comestibles
 a - 3 rations
 f - 2 chunks of flesh


   Skills:
 * Level 3.4 Fighting
 * Level 4.6 Dodging
 * Level 2.2 Stealth
 * Level 3.4 Unarmed Combat


You had 2 spell levels left.
You didn't know any spells.
Your spell library was empty.

Dungeon Overview and Level Annotations

Branches:
Dungeon (2/15)

Altars:


Innate Abilities, Weirdness & Mutations

You cannot wear armour.
You are incapable of wielding weapons or throwing items.
Your paws allow you to move quietly. (Stealth)
You have sharp claws.
You have razor-sharp teeth.
You have supernaturally acute eyesight. (SInv)
You are carnivorous and can eat meat at any time.
You cover ground quickly.
You are covered in fur. (AC +1)
You have a slow metabolism.
Your sharp claws are effective at attacking unaware monsters.


Message History

You now have 87 gold pieces (gained 8).
The jackal bites you.
You barely miss the jackal. The jackal bites you.
The jackal completely misses you.
The adder hisses angrily.
You scratch the jackal.
You kill the jackal!
Trog accepts your kill. The jackal completely misses you.
The jackal misses you.
You scratch the jackal but do no damage.
You bite the jackal, but do no damage.
The jackal bites you but does no damage.
The jackal bites you. The adder barely misses you.
The jackal barely misses you.
You barely miss the jackal. The jackal misses you. The jackal bites you.
* * * LOW HITPOINT WARNING * * *
The adder bites you.
* * * LOW HITPOINT WARNING * * *
You closely miss the jackal.
The jackal misses you. x2; The adder misses you.
The jackal bites you.
You die...

#.# #.# .! #.#
#.##.# #.#
#.##.# #.#
#.##.# #.#
###.##.######
#.#
#............
#.#
###............
#..
......[....##..
#..
####.####@.#
####.... ...
#.Shh#
...##.#####.
#=##...
.......## #....
..... .<.......
... .###..#
.......## #.##
.# .% ...##.##
#. .. # #### ..
. .. ##


You could see an adder and 2 jackals.

Vanquished Creatures
  Natasha (D:2)
  2 bats (D:1)
  3 giant cockroaches (D:1)
  3 goblins
  7 hobgoblins
  A jackal (D:2)
  5 kobolds (D:1)
  A frilled lizard (D:2)
  3 rats (D:1)
26 creatures vanquished.

Notes
Turn   | Place    | Note
-------+----------+-------------------------------------------
     0 | D:1      | shmeve the Felid Berserker began the quest for the Orb.
     0 | D:1      | Reached XP level 1. HP: 10/10 MP: 2/2
   117 | D:1      | Reached skill level 1 in Stealth
   132 | D:1      | Reached XP level 2. HP: 12/14 MP: 3/3
   886 | D:2      | Noticed Natasha
   893 | D:2      | Killed Natasha
   893 | D:2      | Reached XP level 3. HP: 17/17 MP: 4/4
  1043 | D:2      | Slain by a jackal

Skill      XL: |  1  2 |
---------------+-------+-----
Stealth        | 1 2 |  2.2
Fighting       | |  3.4
Dodging        | |  4.6
Unarmed Combat | |  3.4

Action                   || total
-------------------------++-------
Melee: Unarmed           ||    47
       Bite              ||     3
       Punch             ||     1
Invok: Berserk           ||     1
 Stab: Sleeping          ||     7
  Eat: Chunk             ||     8
Armor: Skin              ||     6
Dodge: Dodged            ||    42
